 Dungeon Crawl Stone Soup version 0.20.0-15-g7f486f2 (webtiles) character file.

138717 Mesmaeker13 the Tortoise (level 16, 0/156 HPs)
             Began as a Minotaur Fighter on June 11, 2017.
             Was the Champion of the Shining One.
             Slain by an eight-headed hydra (11 damage)
             ... on level 3 of the Swamp.
             The game lasted 01:30:45 (35053 turns).

Mesmaeker13 the Tortoise (Minotaur Fighter)        Turns: 35053, Time: 01:30:45

Health: 0/156      AC: 28    Str: 26    XL:     16   Next: 72%
Magic:  21/22      EV:  8    Int: 10    God:    the Shining One [******]
Gold:   2565       SH: 13    Dex: 10    Spells: 15/15 levels left

rFire    . . .     SeeInvis .   Z - +0 scimitar (flame)
rCold    + . .     Gourm    .   (no shield)
rNeg     + + +     Faith    .   R - +0 plate armour
rPois    +         Spirit   .   r - +2 hat {MR+}
rElec    .         Reflect  +   K - +1 cloak {rC+}
rCorr    +         Harm     .   j - +1 pair of gloves {Str+3}
MR       ++...                  G - +1 pair of boots
Stlth    ..........             p - +2 amulet of reflection
Regen    0.4/turn               (no ring)
MPRegen  0.2/turn               D - ring of resist corrosion

@: divine shield, about to teleport, glowing
A: retaliatory headbutt, hooves 1, horns 2, rugged brown scales 1, low mp 1,
poison resistance, wild magic 1
a: Divine Shield, Cleansing Flame, Summon Divine Warrior, Brand Weapon With Holy
Wrath, Renounce Religion


You were on level 3 of the Swamp.
You worshipped the Shining One.
The Shining One was exalted by your worship.
You were hungry.

You visited 5 branches of the dungeon, and saw 27 of its levels.
You also visited: Ossuary and Ice Cave.

You collected 2909 gold pieces.
You spent 344 gold pieces at shops.

Inventory:

Hand Weapons
 O - a +3 great sword of protection
 Z - a +0 scimitar of flaming (weapon)
Missiles
 m - 13 silver tomahawks
 L - 43 tomahawks (quivered)
 V - 4 javelins
Armour
 c - a +0 shield
 j - a +1 pair of gloves of strength (worn)
 r - a +2 hat of magic resistance (worn)
 G - a +1 pair of boots (worn)
 K - a +1 cloak of cold resistance (worn)
 R - a +0 plate armour (worn)
Jewellery
 p - a +2 amulet of reflection (around neck)
 D - a ring of resist corrosion (right hand)
 H - an uncursed ring of fire
Wands
 b - a wand of enslavement (18/24)
 l - a wand of confusion (18/48)
 w - a wand of digging (7/24)
Scrolls
 e - 3 scrolls of teleportation
 g - a scroll of brand weapon {unknown}
 i - 5 scrolls of magic mapping
 n - 2 scrolls of fog
 o - a scroll of vulnerability {unknown}
 q - 12 scrolls of remove curse
 u - a scroll of fear {unknown}
 v - 4 scrolls of blinking
 x - a scroll of recharging
 y - 2 scrolls of noise {unknown}
 B - a scroll of torment {unknown}
 J - 3 scrolls of summoning {unknown}
 M - a scroll of silence {unknown}
Potions
 a - a potion of cancellation
 d - a potion of might
 h - a potion of heal wounds
 s - 3 potions of curing
 I - 7 potions of flight
 P - a potion of resistance
 Q - 2 potions of ambrosia
 Y - 2 potions of haste
Comestibles
 f - 16 bread rations
 k - a meat ration


   Skills:
 + Level 16.5 Fighting
 + Level 16.0 Long Blades
 - Level 3.0 Throwing
 + Level 16.7 Armour
 - Level 15.2 Shields
 + Level 13.1 Invocations


You had 15 spell levels left.
You didn't know any spells.

Dungeon Overview and Level Annotations

Branches:
Dungeon (15/15)            Temple (1/1) D:5            Lair (6/6) D:9
  Swamp (3/4) Lair:4       Spider (0/4) Lair:4        Slime (0/5) Lair:6
    Orc (2/2) D:10            Elf (0/3) Orc:2        Vaults (0/5) D:13
 Depths (0/5) D:15

Altars:
Ashenzari
Cheibriados
Dithmenos
Elyvilon
Fedhas
Gozag
Hepliaklqana
Kikubaaqudgha
Makhleb
Nemelex Xobeh
Okawaru
Qazlal
Ru
Sif Muna
Trog
Uskayaw
Vehumet
Xom
Yredelemnul
Zin
The Shining One

Shops:
D:9 %   Orc:2 :([*=

Annotations:
D:3 Mesmaeker13's ghost, amateur MiFi
Lair:2 exclusion: oklob plant


Innate Abilities, Weirdness & Mutations

You reflexively headbutt those who attack you in melee.
You have a pair of horns on your head.
You have large cloven feet.
You are partially covered in rugged brown scales. (AC +1, +3% HP)
Your magical capacity is low. (-10% MP)
Your system is resistant to poisons. (rPois)
Your spells are a little harder to cast, but a little more powerful.


Message History

You block the swamp worm's attack.
The swamp worm bites you but does no damage.
You block the eight-headed hydra's attack. x3
The eight-headed hydra bites you but does no damage.
The eight-headed hydra bites you!
* * * LOW HITPOINT WARNING * * *
The eight-headed hydra closely misses you.
The eight-headed hydra bites you but does no damage. x2
You feel much better. A tree reaches out and hits you!
* * * LOW HITPOINT WARNING * * *
You block the spiny frog's attack. The spiny frog stings you.
* * * LOW HITPOINT WARNING * * *
The swamp worm bites you but does no damage.
The swamp worm bites you.
* * * LOW HITPOINT WARNING * * *
The eight-headed hydra bites you but does no damage.
The eight-headed hydra bites you!
* * * LOW HITPOINT WARNING * * *
The eight-headed hydra bites you!
You die...

≈≈.♣.≈≈≈♣♣♣♣..≈≈≈≈≈≈<.≈.
≈≈ ♣♣♣♣♣♣♣♣..≈≈≈≈≈≈≈.≈ ≈
♣♣.†§≈≈♣♣≈≈≈.≈
♣♣...≈≈≈≈≈≈≈≈≈≈≈
♣≈...≈≈≈≈≈≈≈≈≈≈.
......♣.≈≈≈≈≈≈....≈≈.
≈≈..≈.♣≈.§≈≈≈≈≈≈≈...
≈≈... ♣♣♣...wF≈≈≈.♣
..♣≈♣ ♣♣≈≈@w≈≈≈.♣ ≈ ♣♣
♣♣♣DF≈≈≈♣♣♣. ♣♣♣
♣♣i≈≈≈.≈≈≈ ≈♣♣♣..♣
♣†≈≈≈≈≈≈≈ ♣≈...≈.
♣♣♣.≈§≈.≈≈. .≈§≈≈≈≈
♣≈.≈≈≈≈.♣♣♣
≈≈≈≈.≈≈♣♣.≈≈≈≈≈.♣
≈≈≈..≈≈..≈≈≈≈≈.♣♣
≈≈≈.≈...≈≈≈..§≈≈.♣


You could see an eight-headed hydra (inner flame), a spriggan druid (inner
flame), 2 spiny frogs and 2 swamp worms.

Vanquished Creatures
  Kirke (D:12)
  Gastronok (Lair:3)
  Agnes (D:15)
  An orc warlord (Orc:2)
  Aizul (Swamp:2)
  2 entropy weavers (Lair:4)
  A very ugly thing (Swamp:2)
  A stone giant (Orc:2)
  A dire elephant (D:15)
  A white draconian (IceCv)
  Snorg (Lair:4)
  The ghost of bgiannan the Basher, a journeyman GrFi of Okawaru (Lair:6)
  Fannar (D:12)
  13 hydras
  2 alligators (Swamp:2)
  3 centaur warriors (D:15)
  7 two-headed ogres
  5 death yaks (Lair:5)
  4 orc high priests
  A queen ant (Lair:4)
  4 tengu warriors
  Urug (D:12)
  Sonja (Lair:1)
  A sun demon (D:15)
  Nergalle (D:10)
  A skeletal warrior (D:15)
  3 swamp dragons
  A shambling mangrove (Swamp:1)
  2 spriggan druids
  Pikel (D:6)
  9 orc knights
  4 deep elf magi
  7 orc sorcerers
  3 cyclopes
  6 ugly things (D:15)
  2 manticores (D:15)
  A salamander (D:15)
  17 elephants
  An ice statue (IceCv)
  3 black mambas
  2 gargoyles
  29 spiny frogs
  2 rime drakes
  A yaktaur (D:15)
  An efreet (D:15)
  4 kobold demonologists (D:12)
  44 orc warriors
  12 komodo dragons
  An ice devil (D:15)
  8 trolls
  3 meliai (D:15)
  A queen bee (D:15)
  16 blink frogs
  7 tyrant leeches
  Prince Ribbit (D:6)
  4 bog bodies
  2 slime creatures (D:15)
  4 hornets
  20 polar bears
  8 hippogriffs
  5 dream sheep (Lair:6)
  A centaur simulacrum (D:14)
  A wraith (D:12)
  6 spriggans
  38 yaks
  A water elemental (D:14)
  A basilisk (Lair:2)
  2 shadows
  2 vampires
  5 wyverns
  2 hogs (D:12)
  A steam dragon (Lair:4)
  3 hungry ghosts
  14 vampire mosquitoes
  A redback simulacrum (D:14)
  Menkaure (D:4)
  Edmund (D:4)
  11 insubstantial wisps
  12 swamp worms
  An acid dragon (D:11)
  24 soldier ants
  6 wargs
  2 sky beasts
  14 water moccasins
  6 swamp drakes
  12 porcupines
  2 black bears
  13 ice beasts
  An eye of draining (D:15)
  3 slaves (D:6)
  3 phantoms
  2 necrophages
  15 wolves
  12 ogres
  14 crocodiles
  7 centaurs (D:15)
  4 big kobolds
  32 bullfrogs
  A gnoll sergeant (D:8)
  4 scorpions
  43 killer bees
  A wyvern skeleton (D:11)
  14 wights
  An electric eel (D:14)
  A howler monkey (D:11)
  8 centaur zombies
  8 crimson imps
  2 human zombies (Ossuary)
  3 quasits
  2 bullfrog zombies
  8 jellies
  18 orc priests
  5 centaur skeletons
  5 hounds
  Crazy Yiuf (D:4)
  7 iguanas
  39 orc wizards
  24 worker ants
  A killer bee zombie (D:5)
  3 big kobold zombies (Ossuary)
  A hound skeleton (D:9)
  A howler monkey zombie (D:6)
  5 mummies
  3 worker ant zombies
  11 adders
  3 gnolls (D:8)
  5 shadow imps
  6 white imps
  4 oozes (Lair:6)
  An adder skeleton (D:6)
  A worm (D:2)
  6 leopard geckos
  91 orcs
  4 giant cockroaches
  2 gnoll zombies (Ossuary)
  4 goblins
  7 hobgoblins
  3 jackals (D:8)
  7 quokkas
  A ball python (D:4)
  15 bats
  3 goblin zombies (Ossuary)
  30 kobolds
  2 leopard gecko skeletons
  4 orc zombies (Ossuary)
  A quokka zombie (D:6)
  4 rats
  A toadstool (Lair:2)
994 creatures vanquished.

Vanquished Creatures (collateral kills)
  A howler monkey (D:7)
1 creature vanquished.

Vanquished Creatures (others)
  An orc warrior (D:7)
  An insubstantial wisp (Swamp:2)
  A centaur (D:12)
  An orc priest (D:7)
  3 orcs
  A kobold (D:12)
  A bush (Lair:6)
  30 fungi
  70 plants
  14 toadstools (Lair:2)
  3 withered plants (D:15)
126 creatures vanquished.

Grand Total: 1121 creatures vanquished

Notes
Turn   | Place    | Note
-------+----------+-------------------------------------------
     0 | D:1      | Mesmaeker13 the Minotaur Fighter began the quest for the Orb.
     0 | D:1      | Reached XP level 1. HP: 19/19 MP: 0/0
   302 | D:1      | Reached XP level 2. HP: 24/27 MP: 1/1
   878 | D:2      | Reached XP level 3. HP: 33/33 MP: 2/2
  1781 | D:3      | Noticed Mesmaeker13's ghost (amateur MiFi)
  1895 | D:3      | Reached XP level 4. HP: 40/40 MP: 3/3
  1910 | D:3      | Gained mutation: You have a somewhat thin skeletal structure. (Dex +2, Stealth) [potion of mutation]
  1910 | D:3      | Gained mutation: You are partially covered in rugged brown scales. (AC +1, +3% HP) [potion of mutation]
  1910 | D:3      | Gained mutation: Your movements are slightly less encumbered by armour. (ER -2) [potion of mutation]
  2355 | D:4      | Found a sand-covered staircase.
  2363 | Ossuary  | Entered an ossuary
  2385 | Ossuary  | Reached XP level 5. HP: 30/48 MP: 4/4
  2403 | Ossuary  | Reached skill level 5 in Shields
  2609 | Ossuary  | Reached skill level 5 in Armour
  2619 | Ossuary  | Reached skill level 5 in Fighting
  2634 | Ossuary  | Reached XP level 6. HP: 57/57 MP: 5/5
  2746 | D:4      | Noticed Edmund
  2757 | D:4      | Killed Edmund
  2833 | D:4      | Reached skill level 5 in Long Blades
  2833 | D:4      | Reached XP level 7. HP: 49/62 MP: 6/6
  3001 | D:4      | Found a burning altar of Makhleb.
  3003 | D:4      | Found a glowing silver altar of Zin.
  3003 | D:4      | Noticed an angel
  3004 | D:4      | Noticed a balrug
  3015 | D:4      | Noticed Menkaure
  3028 | D:4      | Killed Menkaure
  3642 | D:4      | Found a runed door.
  3646 | D:4      | Noticed Crazy Yiuf
  3650 | D:4      | Killed Crazy Yiuf
  3703 | D:5      | Entered Level 5 of the Dungeon
  3837 | D:5      | Found a staircase to the Ecumenical Temple.
  3869 | D:5      | Found a glowing silver altar of Zin.
  3887 | Temple   | Entered the Ecumenical Temple
  3928 | Temple   | Became a worshipper of the Shining One
  4120 | D:5      | Reached XP level 8. HP: 71/73 MP: 7/7
  4761 | D:6      | Reached * piety under the Shining One
  5008 | D:6      | Noticed Pikel
  5052 | D:6      | Killed Pikel
  5052 | D:6      | Reached XP level 9. HP: 33/83 MP: 7/9
  5654 | D:6      | Noticed Prince Ribbit
  5668 | D:6      | Killed Prince Ribbit
  5989 | D:6      | Found a sparkling altar of Nemelex Xobeh.
  6150 | D:7      | Reached ** piety under the Shining One
  6432 | D:7      | Found an iron altar of Okawaru.
  6433 | D:7      | Found a deep blue altar of Sif Muna.
  6437 | D:7      | Found a bloodstained altar of Trog.
  6438 | D:7      | Found a shattered altar of Ashenzari.
  7471 | D:9      | Reached XP level 10. HP: 93/93 MP: 12/12
  7513 | D:9      | Found Kaeveylu's Food Boutique.
  7675 | D:9      | Found a staircase to the Lair.
  7791 | D:9      | Noticed a two-headed ogre
  7803 | D:9      | Killed a two-headed ogre
  7927 | D:9      | Found a radiant altar of Vehumet.
  8064 | D:10     | Entered Level 10 of the Dungeon
  8078 | D:10     | Noticed Nergalle
  8107 | D:10     | Killed Nergalle
  8107 | D:10     | Reached skill level 10 in Shields
  8107 | D:10     | Reached skill level 5 in Invocations
  8151 | D:10     | Noticed a two-headed ogre
  8169 | D:10     | Killed a two-headed ogre
  8236 | D:10     | Reached skill level 10 in Armour
  8256 | D:10     | Reached skill level 10 in Fighting
  8467 | D:10     | Reached XP level 11. HP: 101/101 MP: 14/14
  8621 | D:10     | Reached skill level 10 in Long Blades
  8642 | D:10     | Reached *** piety under the Shining One
  9125 | D:10     | Found a staircase to the Orcish Mines.
  9597 | Lair:1   | Entered Level 1 of the Lair of Beasts
  9760 | Lair:1   | Noticed a five-headed hydra
  9792 | Lair:1   | Killed a five-headed hydra
  9942 | Lair:1   | Noticed a six-headed hydra
  9963 | Lair:1   | Killed a six-headed hydra
 10301 | Lair:1   | Noticed Sonja
 11216 | Lair:2   | Found a blossoming altar of Fedhas.
 11229 | Lair:2   | Noticed an oklob plant
 11360 | Lair:2   | Noticed a seven-headed hydra
 11380 | Lair:2   | Killed a seven-headed hydra
 11417 | Lair:2   | You fall through a shaft for 2 floors!
 12064 | Lair:2   | Noticed an eight-headed hydra
 12088 | Lair:2   | Killed an eight-headed hydra
 12088 | Lair:2   | Reached XP level 12. HP: 69/113 MP: 9/16
 12778 | Lair:3   | Noticed Gastronok
 12812 | Lair:3   | Killed Gastronok
 13199 | Lair:4   | Found a hole to the Spider Nest.
 13331 | Lair:4   | Noticed a seven-headed hydra
 13347 | Lair:4   | Killed a seven-headed hydra
 13392 | Lair:4   | Found a staircase to the Swamp.
 13417 | Lair:4   | Noticed an eight-headed hydra
 13425 | Lair:4   | Killed an eight-headed hydra
 14258 | Lair:4   | Noticed a seven-headed hydra
 14267 | Lair:4   | Killed a seven-headed hydra
 14563 | Lair:5   | Noticed a queen ant
 14591 | Lair:4   | Killed a queen ant
 14630 | Lair:5   | Noticed an entropy weaver
 14630 | Lair:5   | Noticed an entropy weaver
 14637 | Lair:5   | Noticed Snorg
 14640 | Lair:5   | Found a frozen archway.
 14652 | Lair:5   | Noticed an eight-headed hydra
 14822 | Lair:3   | Killed an eight-headed hydra
 15185 | IceCv    | Entered an ice cave
 15194 | IceCv    | Reached XP level 13. HP: 101/122 MP: 18/18
 16027 | IceCv    | Reached **** piety under the Shining One
 16489 | IceCv    | Noticed a white draconian
 16538 | IceCv    | Killed a white draconian
 17855 | Lair:4   | Killed an entropy weaver
 18533 | Lair:4   | Killed Snorg
 18552 | Lair:4   | Killed an entropy weaver
 19126 | Lair:5   | Reached skill level 10 in Invocations
 19333 | Lair:6   | Entered Level 6 of the Lair of Beasts
 19376 | Lair:5   | Reached XP level 14. HP: 100/132 MP: 18/20
 20951 | Lair:6   | Found a staircase to the Slime Pits.
 21198 | Lair:6   | Noticed bgiannan's ghost (journeyman GrFi)
 21271 | Lair:6   | Killed bgiannan's ghost
 22411 | Orc:1    | Entered Level 1 of the Orcish Mines
 23151 | Orc:1    | Reached ***** piety under the Shining One
 23448 | Orc:2    | Entered Level 2 of the Orcish Mines
 23502 | Orc:2    | Reached XP level 15. HP: 58/143 MP: 12/22
 24044 | Orc:2    | Found a staircase to the Elven Halls.
 24661 | Orc:2    | Found Ureorauk's Book Boutique.
 25054 | Orc:2    | Reached skill level 15 in Shields
 25533 | Orc:2    | Noticed an orc warlord
 25568 | Orc:2    | Killed an orc warlord
 25963 | Orc:2    | Gained mutation: You are clumsy. (Dex -2) [a neqoxec]
 25965 | Orc:2    | Gained mutation: Armour fits poorly on your strangely shaped body. [a neqoxec]
 26043 | Orc:2    | Reached skill level 15 in Armour
 26343 | Orc:2    | Found Elefreid's General Store.
 26358 | Orc:2    | Found Cueps's Antique Armour Emporium.
 26358 | Orc:2    | Found Imuywk's Antique Weapon Shoppe.
 26360 | Orc:2    | Found Muts's Jewellery Emporium.
 26365 | Orc:2    | Bought a +2 amulet of reflection for 97 gold pieces
 26380 | Orc:2    | Bought a pair of glowing gloves for 247 gold pieces
 26501 | Orc:2    | Reached skill level 15 in Fighting
 26970 | Lair:1   | Lost mutation: Armour fits poorly on your strangely shaped body. [potion of mutation]
 26970 | Lair:1   | Lost mutation: You are clumsy. (Dex -2) [potion of mutation]
 26970 | Lair:1   | Lost mutation: You have a somewhat thin skeletal structure. (Dex +2, Stealth) [potion of mutation]
 26970 | Lair:1   | Lost mutation: Your movements are slightly less encumbered by armour. (ER -2) [potion of mutation]
 26970 | Lair:1   | Gained mutation: You have large cloven feet. [potion of mutation]
 26970 | Lair:1   | Gained mutation: Your system is resistant to poisons. (rPois) [potion of mutation]
 26970 | Lair:1   | Gained mutation: Your magical capacity is low. (-10% MP) [potion of mutation]
 26970 | Lair:1   | Gained mutation: Your spells are a little harder to cast, but a little more powerful. [potion of mutation]
 26983 | Lair:1   | Killed Sonja
 27991 | D:12     | Noticed Fannar
 28014 | D:12     | Killed Fannar
 28211 | D:12     | Reached ****** piety under the Shining One
 28301 | D:12     | Noticed Kirke
 28322 | D:12     | Killed Kirke
 28543 | D:12     | Noticed Urug
 28558 | D:12     | Killed Urug
 28783 | D:13     | Reached skill level 1 in Throwing
 28789 | D:13     | Found a gate to the Vaults.
 28794 | D:13     | Reached skill level 15 in Long Blades
 29776 | D:15     | Entered Level 15 of the Dungeon
 29908 | D:15     | Noticed Agnes
 29924 | D:15     | Killed Agnes
 29924 | D:15     | Reached XP level 16. HP: 57/154 MP: 21/21
 30325 | D:15     | Found a glowing golden altar of the Shining One.
 31047 | D:15     | Found a staircase to the Depths.
 32200 | Swamp:1  | Entered Level 1 of the Swamp
 33379 | Swamp:2  | Noticed Aizul
 34175 | Swamp:2  | Killed Aizul
 35053 | Swamp:3  | Slain by an eight-headed hydra

Skill      XL: |  1  2  3  4  5  6  7  8  9 10 11 12 13 14 15 16 |
---------------+-------------------------------------------------+-----
Fighting       | 4 5 6 7 9 10 11 12 13 14 15 16 | 16.5
Long Blades    | 3 4 5 6 7 8 9 11 12 13 14 15 16 | 16.0
Armour         | 4 5 6 7 9 10 11 12 13 14 15 16 | 16.7
Shields        | 4 5 6 8 9 10 11 12 13 14 15 | 15.2
Invocations    | 2 4 5 7 8 10 11 12 13 | 13.1
Throwing       | 3 |  3.0

Action                   |  1- 3 |  4- 6 |  7- 9 | 10-12 | 13-15 | 16-18 || total
-------------------------+-------+-------+-------+-------+-------+-------++-------
Melee: Long sword        |   105 |    88 |   295 |   646 |  2078 |       ||  3212
       Headbutt          |    10 |    22 |    70 |   225 |   644 |   103 ||  1074
       Dagger            |       |       |    30 |       |    48 |       ||    78
       Short sword       |       |       |       |   236 |   148 |       ||   384
       Scimitar          |       |       |       |       |   312 |    25 ||   337
       Great sword       |       |       |       |       |    19 |   437 ||   456
 Fire: Blowgun           |       |       |       |     6 |       |       ||     6
Throw: Tomahawk          |       |       |       |       |       |     4 ||     4
Invok: Divine Shield     |       |       |       |     9 |    10 |     4 ||    23
       Cleansing Flame   |       |       |       |       |       |     2 ||     2
Evoke: Wand              |       |       |     2 |    10 |     3 |     1 ||    16
  Use: Scroll            |       |     6 |       |    11 |    10 |    11 ||    38
       Potion            |       |     3 |     2 |     4 |     6 |     6 ||    21
  Eat: Chunk             |     3 |     3 |    15 |    20 |    50 |    12 ||   103
       Bread ration      |       |       |       |     2 |       |     1 ||     3
       Fruit             |       |       |       |       |       |     2 ||     2
Armor: Scale mail        |    58 |    32 |   127 |    17 |       |       ||   234
       Plate armour      |       |       |       |   512 |  1082 |   458 ||  2052
       Skin              |       |       |       |    25 |       |       ||    25
Dodge: Dodged            |    32 |    37 |   100 |   218 |   553 |   195 ||  1135
Block: Shield            |    54 |    39 |   163 |   670 |  1728 |       ||  2654
       Reflection        |       |       |       |       |    18 |     2 ||    20
       Other             |       |       |       |       |       |    81 ||    81
       Rpst.: Long sword |     5 |     6 |    23 |    33 |   111 |       ||   178
       Scimitar          |       |       |       |       |    16 |     2 ||    18
       Great sword       |       |       |       |       |     3 |    40 ||    43
